 Dungeon Crawl Stone Soup version 0.27.0-1-g7a089689b8 (webtiles) character file.

Game seed: 10126009460614713701

3579 horus123 the Impaler (level 10, 0/76 HPs)
             Began as a Merfolk Fighter on Aug 15, 2021.
             Was an Elder of Okawaru.
             Slain by a meliai (1 damage)
             ... on level 8 of the Dungeon.
             The game lasted 00:13:53 (7504 turns).

horus123 the Impaler (Merfolk Fighter)              Turns: 7504, Time: 00:13:54

Health: 0/76       AC: 21    Str: 20    XL:     10   Next: 10%
Magic:  10/10      EV:  8    Int:  8    God:    Okawaru [****..]
Gold:   1517       SH:  0    Dex: 13    Spells: 9/9 levels left

rFire    + . .     SeeInvis +   j - +7 glaive (protect)
rCold    . . .     Faith    .   (shield currently unavailable)
rNeg     . . .     Spirit   .   u - +0 chain mail
rPois    +         Reflect  .   g - +0 helmet "Atesuc" {Rampage rPois rF+ Will+}
rElec    .         Harm     .   h - +0 cloak
rCorr    .         Rampage  +   m - +1 pair of gloves
Will     +....                  (no boots)
Stlth    ..........             (no amulet)
HPRegen  0.22/turn              l - ring of see invisible
MPRegen  0.12/turn              (no ring)

@: under a protective aura
A: (nimble swimmer 2), mertail
a: Renounce Religion, Heroism


You were on level 8 of the Dungeon.
You worshipped Okawaru.
Okawaru was greatly pleased with you.
You visited 1 branch of the dungeon, and saw 8 of its levels.

You collected 1517 gold pieces.

Inventory:

Hand Weapons
 a - a +0 trident of venom
 j - a +7 glaive of protection (weapon)
 z - the +7 rapier of Alaomn {speed, rElec Str+2}
   (You found it on level 8 of the Dungeon)

   Attacks with this weapon are significantly faster.
   Str:       It affects your strength (+2).
   rElec:     It insulates you from electricity.
Missiles
 y - 29 poisoned darts (quivered)
Armour
 b - a +0 scale mail
 g - the +0 helmet "Atesuc" (worn) {Rampage rPois rF+ Will+}
   (You acquired it on level 3 of the Dungeon)

   rF:        It protects you from fire.
   rPois:     It protects you from poison.
   Rampage:   It bestows one free step when moving towards enemies.
   Will:      It increases your willpower.
 h - a +0 cloak (worn)
 m - a +1 pair of gloves (worn)
 u - a +0 chain mail (worn)
Jewellery
 d - a ring of protection from fire
 e - a ring of resist corrosion
 l - a ring of see invisible (left hand)
 o - a ring of positive energy
Wands
 f - a wand of iceblast (14)
Scrolls
 i - a scroll of magic mapping
 q - a scroll of enchant weapon
 r - 3 scrolls of noise
 t - a scroll of holy word
 v - a scroll of identify
 w - a scroll of enchant armour
 x - a scroll of amnesia
Potions
 c - 3 potions of curing
 k - a potion of lignification
 n - 2 potions of attraction {unknown}
 s - a potion of heal wounds {unknown}


   Skills:
 + Level 6.1 Fighting
 * Level 16.3 Polearms
 + Level 0.2 Throwing
 + Level 4.0 Armour
 + Level 2.5 Dodging
 + Level 1.1 Stealth
 + Level 3.2 Shields


You had 9 spell levels left.
You didn't know any spells.
Your spell library contained the following spells:

 Spells                   Type           Power      Damage    Failure   Level
 Sting                    Tmut/Pois      0%         1d3       99%         1
 Poisonous Vapours        Pois/Air       0%         N/A       100%        2
 Sublimation of Blood     Necr           0%         N/A       100%        2
 Wereblood                Tmut           0%         N/A       100%        2
 Olgreb's Toxic Radiance  Pois           0%         N/A       100%        4
 Summon Hydra             Summ           0%         N/A       100%        7


Dungeon Overview and Level Annotations

Branches:
Dungeon (8/15)             Temple (0/1) D:5
   Lair: D:8-11

Altars:
Ashenzari
Dithmenos
Kikubaaqudgha
Makhleb
Okawaru
Ru
Sif Muna
Uskayaw
Vehumet
Yredelemnul
The Shining One


Innate Abilities, Weirdness & Mutations

((You are quick and stealthy near water. (Stealth+, EV+, Speed+++)))
Your lower body shifts to a powerful aquatic tail in water.


Message History

The meliai hits you with a +0 hand axe. The meliai closely misses you.
The meliai barely misses you. x2; The meliai completely misses you.
The meliai stings you but does no damage.
The meliai hits you but does no damage.
The meliai stings you but does no damage.
You slice the meliai!!
You kill the meliai!
Okawaru accepts your kill. The meliai hits you with a +0 war axe.
The meliai stings you but does no damage.
The meliai calls down the wrath of its god upon you.
Something smites you! The meliai hits you with a +0 hand axe.
The meliai barely misses you. x3
Your Armour skill increases to level 4!
You closely miss the meliai. The meliai closely misses you.
The meliai barely misses you. The meliai hits you with a +0 hand axe!
The meliai stings you but does no damage.
You closely miss the meliai. The meliai barely misses you.
The meliai stings you but does no damage.
The meliai hits you but does no damage. The meliai stings you.
The meliai hits you with a +0 hand axe. The meliai barely misses you.
The meliai closely misses you.
The meliai stings you but does no damage.
You slice the meliai!!
The meliai is severely wounded.
The meliai invokes the aid of its god against you.
Something smites you! The meliai hits you with a +0 hand axe.
The meliai closely misses you. The meliai barely misses you.
The meliai closely misses you. The meliai hits you but does no damage.
The meliai stings you but does no damage.
The meliai hits you but does no damage.
The meliai stings you but does no damage.
The meliai mumbles some strange prayers to its god against you.
Something smites you!
* * * LOW HITPOINT WARNING * * *
The meliai mumbles some strange prayers to its god against you.
Something smites you!
* * * LOW HITPOINT WARNING * * *
The meliai hits you but does no damage. The meliai stings you.
You die...

#...........# #..
#...........######+##
#..
#########...........#
#.. ....#...........#
#.. ...#...........#
#.. ..#...........#
### # #.#...........#
#...##.###'#.......#
........y@.#.......#
.......)y..#.......#
..........(#.......#
############.......#
#########


You could see 2 meliai.

Vanquished Creatures
  A two-headed ogre (D:6)
  An ugly thing (D:8)
  A meliai (D:8)
  2 water moccasins
  An ice beast (D:5)
  2 ogres
  3 necrophages
  A centaur (D:5)
  A phantom (D:5)
  2 bullfrogs (D:6)
  A scorpion (D:6)
  A water moccasin zombie (D:5)
  4 killer bees (D:7)
  A howler monkey (D:6)
  A centaur zombie (D:8)
  4 bullfrog zombies
  2 jellies
  3 orc priests
  3 centaur skeletons
  A bullfrog skeleton (D:6)
  Terence (D:3)
  9 orc wizards
  A hound zombie (D:5)
  A hound skeleton (D:4)
  2 howler monkey zombies
  2 gnolls (D:6)
  12 adders
  3 white imps
  An adder skeleton (D:4)
  2 worms (D:2)
  A dart slug (D:2)
  29 orcs
  5 bats
  9 endoplasms
  6 giant cockroaches
  5 goblins
  12 hobgoblins
  13 jackals
  2 quokkas
  5 ball pythons
  2 frilled lizards
  9 kobolds
  4 rats
172 creatures vanquished.

Vanquished Creatures (others)
  5 fungi (D:7)
5 creatures vanquished.

Grand Total: 177 creatures vanquished

Notes
Turn   | Place    | Note
-------+----------+-------------------------------------------
     0 | D:1      | horus123 the Merfolk Fighter began the quest for the Orb.
     0 | D:1      | Reached XP level 1. HP: 18/18 MP: 1/1
   382 | D:1      | Reached XP level 2. HP: 24/24 MP: 2/2
   395 | D:1      | Reached skill level 4 in Polearms
   527 | D:1      | Reached XP level 3. HP: 26/29 MP: 3/3
   632 | D:1      | Identified 2 scrolls of acquirement
   632 | D:1      | Acquired a +5 glaive of protection
   634 | D:1      | Acquired 1216 gold pieces
  1058 | D:2      | Reached skill level 5 in Polearms
  1207 | D:2      | Reached XP level 4. HP: 34/36 MP: 4/4
  1353 | D:2      | Found a faded altar of an unknown god.
  2198 | D:3      | Reached skill level 6 in Polearms
  2200 | D:3      | Reached XP level 5. HP: 42/42 MP: 5/5
  2217 | D:3      | Acquired the +0 helmet "Atesuc" {Rampage rPois rF+ Will+}
  2279 | D:3      | Reached skill level 7 in Polearms
  2486 | D:3      | Noticed Terence
  2493 | D:3      | Killed Terence
  2679 | D:3      | Noticed a water moccasin
  2686 | D:3      | Killed a water moccasin
  2687 | D:3      | Reached skill level 8 in Polearms
  2687 | D:3      | Reached XP level 6. HP: 48/48 MP: 6/6
  2972 | D:4      | Reached skill level 9 in Polearms
  2972 | D:4      | Reached XP level 7. HP: 28/54 MP: 7/7
  3256 | D:4      | Found an iron altar of Okawaru.
  3258 | D:4      | Found a radiant altar of Vehumet.
  3263 | D:4      | Became a worshipper of Warmaster Okawaru
  3653 | D:5      | Entered Level 5 of the Dungeon
  3741 | D:5      | Found a staircase to the Ecumenical Temple.
  3769 | D:5      | Reached skill level 10 in Polearms
  3879 | D:5      | Reached * piety under Okawaru
  3880 | D:5      | Reached XP level 8. HP: 53/61 MP: 8/8
  3943 | D:5      | Reached skill level 11 in Polearms
  3943 | D:5      | Reached skill level 1 in Dodging
  4842 | D:6      | Reached skill level 12 in Polearms
  4845 | D:6      | Reached skill level 5 in Fighting
  5046 | D:6      | Reached ** piety under Okawaru
  5070 | D:6      | Noticed a two-headed ogre
  5080 | D:6      | Killed a two-headed ogre
  5080 | D:6      | Reached *** piety under Okawaru
  5081 | D:6      | Reached skill level 14 in Polearms
  5081 | D:6      | Reached XP level 9. HP: 24/68 MP: 9/9
  6340 | D:7      | Reached skill level 15 in Polearms
  6483 | D:7      | Found a hide-covered altar of Uskayaw.
  6495 | D:7      | Found an ancient bone altar of Kikubaaqudgha.
  6496 | D:7      | Found a burning altar of Makhleb.
  6498 | D:7      | Found a broken altar of Ashenzari.
  6500 | D:7      | Found a glowing golden altar of the Shining One.
  6501 | D:7      | Found a basalt altar of Yredelemnul.
  6923 | D:7      | Found a shadowy altar of Dithmenos.
  6949 | D:7      | Found a sacrificial altar of Ru.
  7159 | D:8      | Found a shimmering blue altar of Sif Muna.
  7273 | D:8      | Identified the +7 rapier of Alaomn {speed, rElec Str+2}
  7278 | D:8      | Noticed a purple ugly thing
  7294 | D:8      | Killed a purple ugly thing
  7294 | D:8      | Reached **** piety under Okawaru
  7295 | D:8      | Reached skill level 16 in Polearms
  7295 | D:8      | Reached skill level 1 in Stealth
  7295 | D:8      | Reached XP level 10. HP: 45/76 MP: 10/10
  7504 | D:8      | HP: 1/76 [meliai/divine providence (13)]
  7504 | D:8      | Slain by a meliai

Illustrated notes

Levels and vault maps discovered:
D:1:      giann_wishing_wells, layout_rooms, corexii_leaking_fountain
D:2:      layout_basic, shapermc_ecumenical_altar_acropolis
D:3:      layout_basic, uniq_terence
D:4:      layout_loops_ring, minitemple
D:5:      layout_basic, minmay_temple_entry_mini_moons, minmay_misc_feat_plants
D:6:      cheibrodos_barr_body, layout_layer_cave
D:7:      layout_basic, grunt_temple_overflow_open,
          mainiacjoe_overflow_two_lobes, mainiacjoe_overflow_cross_hatched
D:8:      layout_gridville, pdpol_temple_overflow_zin_treasury_gozag_greed,
          lemuel_round_altar

Skill      XL: |  1  2  3  4  5  6  7  8  9 10 |
---------------+-------------------------------+-----
Polearms       | 4 5 6 8 9 10 14 16 | 16.3
Fighting       | 4 5 6 |  6.1
Armour         | 3 4 |  4.0
Dodging        | 1 2 |  2.5
Stealth        | 1 |  1.1
Throwing       | |  0.2
Shields        | |  3.2

Action                   |  1- 3 |  4- 6 |  7- 9 | 10-12 || total
-------------------------+-------+-------+-------+-------++-------
Melee: Trident           |    71 |       |       |       ||    71
       Glaive            |    29 |   115 |   240 |     6 ||   390
Throw: Dart              |       |       |     1 |       ||     1
       Throwing net      |       |       |     1 |       ||     1
  Use: Scroll            |     7 |     4 |     8 |       ||    19
       Potion            |       |       |     1 |       ||     1
Armor: Scale mail        |    54 |    52 |    76 |       ||   182
       Chain mail        |       |       |    51 |    14 ||    65
Dodge: Dodged            |    42 |    46 |   121 |    16 ||   225
Block: Kite shield       |    40 |       |       |       ||    40
